 Dungeon Crawl Stone Soup version 0.17.0-28-g6e173f8 (webtiles) character file.

1214 4thArraOfDagon the Cleaver (level 8, -8/71 HPs)
             Began as a Minotaur Berserker on Nov 22, 2015.
             Was a Believer of Trog.
             Mangled by a troll (9 damage)
             ... on level 9 of the Dungeon.
             The game lasted 00:06:51 (1007 turns).

4thArraOfDagon the Cleaver (Minotaur Berserker)     Turns: 1007, Time: 00:06:51

Health: -8/71      AC: 11    Str: 23    XL:     8   Next: 22%
Magic:  16/16      EV:  8    Int: 11    God:    Trog [**....]
Gold:   171        SH:  0    Dex:  9    Spells: 0 memorised, 7 levels left

rFire  . . .     SeeInvis .     j - +0 war axe
rCold  . . .     Clarity  +     b - +1 chain mail
rNeg   . . .     SustAt   .     (no shield)
rPois  .         Gourm    .     (helmet restricted)
rElec  .         Spirit   .     (no cloak)
rCorr  .         Warding  .     (no gloves)
rMut   .         Stasis   .     (no boots)
MR     +++..                    i - amulet of clarity
Stlth  ..........               (no ring)
                                e - ring of magical power

@: brilliant, lethally poisoned (-8 -> -8), regenerating, extremely resistant to
hostile enchantments, extremely unstealthy
A: retaliatory headbutt, horns 2, magic resistance 1
a: Berserk, Trog's Hand, Burn Spellbooks, Renounce Religion


You were on level 9 of the Dungeon.
You worshipped Trog.
Trog was pleased with you.
You were not hungry.

You visited 1 branch of the dungeon, and saw 9 of its levels.
You also visited: Ossuary.

You collected 171 gold pieces.

Inventory:

Hand Weapons
 j - a +0 war axe (weapon)
Armour
 b - a +1 chain mail (worn)
Jewellery
 e - a ring of magical power (left hand)
 i - an amulet of clarity (around neck)
 u - an uncursed ring of teleportation
Scrolls
 g - 2 scrolls of remove curse
 h - a scroll of teleportation
 o - a scroll of magic mapping
 r - a scroll of fog
Potions
 d - a potion of magic
 l - a potion of heal wounds {unknown}
 p - 5 potions of curing
 v - a potion of flight
Comestibles
 a - 4 meat rations
 c - 3 bread rations


   Skills:
 + Level 6.6 Fighting
 * Level 9.1 Axes
 + Level 6.4 Armour
 - Level 2.1 Dodging
 * Level 1.1 Evocations


You had 7 spell levels left.
You didn't know any spells.

Dungeon Overview and Level Annotations

Branches:
Dungeon (9/15)
 Temple: D:4-7         Lair: D:8-11         Orc: D:9-12

Altars:
Gozag
Ru

Annotations:
D:2 Ijyb


Innate Abilities, Weirdness & Mutations

You reflexively headbutt those who attack you in melee.
You have a pair of horns on your head.
You are resistant to hostile enchantments.


Message History

* * * LOW HITPOINT WARNING * * *
Unknown command.
Unknown command.
Drink which item? (? for menu, Esc to quit)
It was a potion of brilliance.
You feel clever all of a sudden.
You feel less exhausted. The wyvern bites you.
* * * LOW HITPOINT WARNING * * *
The troll barely misses you. You furiously retaliate!
You headbutt the troll, but do no damage.
The troll closely misses you. The troll barely misses you.
Drink which item? (? for menu, Esc to quit)
Okay, then.
Drink which item? (? for menu, Esc to quit)
It was a potion of poison.
That liquid tasted very nasty...
You are poisoned.
You feel sick. The wyvern bites you.
* * * LOW HITPOINT WARNING * * *
The troll bites you but does no damage. The troll claws you!
You die...

. #.....# #.........##.##
. #.....###.........##.#
. .
#.....'................
.##
#.....#####'########.##
... #.#...# #.# #
.##.###.#...####.........
....................#####
.#.#...########..#)# #
#...# #.l@##..#+#
...#.#...###.T.##...
............#...##...
..........T.....+....
..#.####........# #
#.###.#### .... #.#
...... ..[ .####.#.#.#.


You could see a troll and a wyvern.

Vanquished Creatures
  Pikel (D:8)
  3 slaves (D:8)
  3 ogres
  2 big kobolds
  A scorpion (D:8)
  An iguana (D:9)
  2 human zombies (Ossuary)
  4 orc wizards
  A worker ant (D:4)
  3 mummies (Ossuary)
  An adder (D:7)
  2 oozes
  An adder zombie (Ossuary)
  4 orcs
  2 giant cockroaches
  A goblin (D:1)
  A hobgoblin (D:3)
  A quokka (D:3)
  3 bats (D:1)
  A giant newt (D:4)
  2 hobgoblin zombies (Ossuary)
  8 kobolds
  3 kobold zombies (Ossuary)
  3 orc zombies (Ossuary)
  A quokka skeleton (D:4)
  3 quokka zombies (Ossuary)
  2 rats
  2 rat zombies (Ossuary)
62 creatures vanquished.

Vanquished Creatures (others)
  A quokka zombie (Ossuary)
  A rat zombie (Ossuary)
2 creatures vanquished.

Grand Total: 64 creatures vanquished

Notes
Turn   | Place    | Note
--------------------------------------------------------------
     0 | D:1      | 4thArraOfDagon the Minotaur Berserker began the quest for the Orb.
     0 | D:1      | Reached XP level 1. HP: 19/19 MP: 0/0
   161 | D:2      | Noticed Ijyb
   164 | D:3      | Noticed an ogre
   179 | D:3      | Killed an ogre
   179 | D:3      | Reached skill level 4 in Fighting
   179 | D:3      | Reached skill level 5 in Axes
   179 | D:3      | Reached XP level 2. HP: 6/28 MP: 1/1
   179 | D:3      | Reached XP level 3. HP: 7/34 MP: 2/2
   179 | D:3      | Reached XP level 4. HP: 8/41 MP: 3/3
   255 | D:4      | Reached XP level 5. HP: 6/47 MP: 4/4
   356 | D:5      | Entered Level 5 of the Dungeon
   378 | D:5      | Noticed an ogre
   384 | D:5      | Killed an ogre
   384 | D:5      | Reached skill level 5 in Fighting
   384 | D:5      | Reached skill level 6 in Axes
   384 | D:5      | Reached XP level 6. HP: 39/56 MP: 5/5
   451 | D:6      | Found a sand-covered staircase.
   456 | Ossuary  | Entered an ossuary
   675 | D:8      | Found an opulent altar of Gozag.
   681 | D:8      | Reached skill level 7 in Axes
   698 | D:7      | Reached skill level 5 in Armour
   703 | D:7      | Reached ** piety under Trog
   769 | D:8      | Reached XP level 7. HP: 47/61 MP: 6/6
   788 | D:8      | Found a sacrificial altar of Ru.
   790 | D:8      | Noticed Pikel
   805 | D:8      | Killed Pikel
   805 | D:8      | Reached skill level 8 in Axes
   805 | D:8      | Reached XP level 8. HP: 29/71 MP: 7/7
   906 | D:9      | Gained mutation: You are resistant to hostile enchantments. [potion of beneficial mutation]
   961 | D:9      | Reached skill level 9 in Axes
   961 | D:9      | Reached skill level 1 in Evocations
   992 | D:9      | Noticed a troll
  1006 | D:9      | HP: 3/71 [wyvern (4)]
  1007 | D:9      | HP: 1/71 [wyvern (2)]
  1007 | D:9      | Mangled by a troll

Action                   |  1- 3 |  4- 6 |  7- 9 || total
-------------------------+-------+-------+-------++-------
Melee: Hand axe          |     7 |    18 |       ||    25
       War axe           |       |    55 |    27 ||    82
Invok: Berserk           |     1 |     6 |     2 ||     9
       Trog's Hand       |       |       |     2 ||     2
  Use: Potion            |       |     3 |     4 ||     7
       Scroll            |       |     3 |     6 ||     9
  Eat: Chunk             |       |     7 |     2 ||     9
       Beef jerky        |       |       |     1 ||     1
